 Dungeon Crawl Stone Soup version 0.25-a0-102-gbfa96ce22d (webtiles) character file.

Game seed: 13508567942081134775, levelgen mode: deterministic

263262 vurker the Eclecticist (level 19, -2/149 HPs)
             Began as a Mummy Fire Elementalist on Nov 15, 2019.
             Was an Initiate of Gozag.
             Slain by a phantasmal warrior (31 damage)
             ... summoned by a curse skull
             ... on level 2 of the Vaults.
             The game lasted 02:38:42 (76904 turns).

vurker the Eclecticist (Mummy Fire Elementalist)   Turns: 76904, Time: 02:38:43

Health: -2/149     AC: 15    Str: 13    XL:     19   Next: 24%
Magic:  3/43       EV: 12    Int: 29    God:    Gozag
Gold:   410        SH:  4    Dex: 11    Spells: 32/59 levels left

rFire    + + +     SeeInvis .   b - staff of conjuration
rCold    + + +     Gourm    .   y - +0 buckler {rF+}
rNeg     + + +     Faith    .   i - +2 robe {rF+}
rPois    ∞         Spirit   .   L - +2 helmet {Int+3}
rElec    +         Reflect  .   l - +0 cloak {MR+}
rCorr    +         Harm     .   o - +3 pair of gloves of the Tarantula {rElec rPois rF- rC++}
MR       +....                  I - +2 pair of boots
Stlth    ++........             e - amulet of regeneration
HPRegen  0.74/turn              z - ring of fire
MPRegen  0.28/turn              m - ring of the Coward {rF++ Str-5 Int+6 Dex-2}

@: mighty, resistant, vulnerable, flying, very slightly contaminated, hasted,
very quick
A: no food or potions, fire vulnerability, cold resistance 1, negative energy
resistance 3, torment resistance, unbreathing, in touch with death 1
}: 2/15 runes: decaying, serpentine
a: Potion Petition, Call Merchant, Bribe Branch, Renounce Religion


You were on level 2 of the Vaults.
You worshipped Gozag.
Gozag was aware of your devotion.
You were not hungry.

You visited 8 branches of the dungeon, and saw 36 of its levels.
You also visited: Bailey.

You collected 15840 gold pieces.
You spent 4384 gold pieces at shops.
You paid 11046 gold pieces to Gozag.

Inventory:

Missiles
 C - 2 throwing nets (quivered)
Armour
 h - the +2 pair of boots of the Assassin {Detection Stab+ Stlth++}
   (You found it on level 1 of the Vaults)

   It makes you much more stealthy.
 i - a +2 robe of fire resistance (worn)
   (You bought it in a shop on level 2 of the Orcish Mines)
 l - a +0 cloak of magic resistance (worn)
   (You bought it in a shop on level 1 of the Snake Pit)
 o - the +3 pair of gloves of the Tarantula (worn) {rElec rPois rF- rC++}
   (You bought it in a shop on level 3 of the Swamp)

   It makes you vulnerable to fire.
   It greatly protects you from cold.
   It insulates you from electricity.
   It protects you from poison.
 y - a +0 buckler of fire resistance (worn)
   (You bought it in a shop on level 1 of the Snake Pit)
 I - a +2 pair of boots (worn)
   (You bought it in a shop on level 2 of the Orcish Mines)
 L - a +2 helmet of intelligence (worn)
   (You bought it in a shop on level 2 of the Orcish Mines)
Magical Staves
 a - an uncursed staff of power
   (You found it on level 4 of the Lair of Beasts)
 b - an uncursed staff of conjuration (weapon)
   (You found it on level 6 of the Lair of Beasts)
Jewellery
 e - an amulet of regeneration (around neck)
   (You found it on level 8 of the Dungeon)
 m - the ring of the Coward (right hand) {rF++ Str-5 Int+6 Dex-2}
   (You bought it in a shop on level 2 of the Orcish Mines)

   [ring of dexterity]

   It affects your strength (-5).
   It affects your intelligence (+6).
   It affects your dexterity (-2).
   It greatly protects you from fire.
 z - a ring of fire (left hand)
   (You found it on level 4 of the Lair of Beasts)
 A - an uncursed ring of protection from magic
   (You found it on level 2 of the Vaults)
 B - an uncursed ring of flight
   (You found it on level 9 of the Dungeon)
 E - an uncursed ring of wizardry
   (You found it on level 5 of the Lair of Beasts)
Wands
 d - a wand of iceblast (12)
   (You took it off an orc wizard on level 6 of the Dungeon)
 q - a wand of clouds (4)
   (You found it on level 1 of the Vaults)
 t - a wand of flame (62)
   (You found it on level 5 of the Lair of Beasts)
 v - a wand of digging (4)
   (You bought it in a shop on level 4 of the Snake Pit)
 G - a wand of polymorph (28)
   (You took it off an orc on level 2 of the Orcish Mines)
Scrolls
 f - 18 scrolls of identify
 g - 2 scrolls of enchant armour
 j - a scroll of fear
 n - 4 scrolls of fog
 p - a scroll of acquirement
 r - 6 scrolls of amnesia
 u - 2 scrolls of immolation
 w - 12 scrolls of remove curse
 x - 3 scrolls of magic mapping
Miscellaneous
 H - a phial of floods
   (You found it on level 15 of the Dungeon)


   Skills:
 + Level 13.2 Fighting
 - Level 1.5 Dodging
 - Level 1.5 Stealth
 - Level 4.0 Shields
 * Level 20.7 Spellcasting
 * Level 15.4 Conjurations
 * Level 15.5 Fire Magic
 - Level 5.0 Evocations


You had 32 spell levels left.
You knew the following spells:

 Your Spells              Type           Power        Failure   Level  Hunger
a - Flame Tongue          Conj/Fire      #####        0%          1    N/A
b - Bolt of Draining      Conj/Necr      ########..   1%          5    N/A
c - Ignition              Fire           ########..   14%         8    N/A
d - Airstrike             Air            ####......   12%         4    N/A
q - Sticky Flame          Conj/Fire      ########     1%          4    N/A
z - Fireball              Conj/Fire      ########..   1%          5    N/A

Your spell library contained the following spells:

 Spells                   Type           Power        Failure   Level  Hunger
 Throw Flame              Conj/Fire      ######       0%          2    N/A
 Conjure Flame            Conj/Fire      ########     0%          3    N/A
 Animate Skeleton         Necr           N/A          1%          1    N/A
 Apportation              Tloc           ####..       1%          1    N/A
 Confusing Touch          Hex            ####..       1%          1    N/A
 Corona                   Hex            ####...      1%          1    N/A
 Shock                    Conj/Air       ####         1%          1    N/A
 Summon Small Mammal      Summ           ####         1%          1    N/A
 Corpse Rot               Necr           N/A          1%          2    N/A
 Slow                     Hex            ####....     1%          2    N/A
 Swiftness                Chrm/Air       ####....     1%          2    N/A
 Inner Flame              Hex/Fire       #######.     1%          3    N/A
 Static Discharge         Conj/Air       #######.     1%          3    N/A
 Irradiate                Conj/Tmut      #######...   1%          5    N/A
 Lightning Bolt           Conj/Air       #######...   1%          5    N/A
 Portal Projectile        Hex/Tloc       ####..       3%          3    N/A
 Cause Fear               Hex            ####......   12%         4    N/A
 Leda's Liquefaction      Hex/Erth       ####......   12%         4    N/A
 Agony                    Necr           #####...     34%         5    N/A
 Dispel Undead            Necr           #####...     34%         5    N/A
 Excruciating Wounds      Chrm/Necr      #####.....   34%         5    N/A
 Silence                  Hex/Air        ####......   34%         5    N/A
 Yara's Violent Unravell  Hex/Tmut       ####......   34%         5    N/A
 Deflect Missiles         Chrm/Air       ####......   88%         6    N/A
 Discord                  Hex            ####......   100%        8    N/A
 Shatter                  Erth           ####......   100%        9    N/A
 Tornado                  Air            ####......   100%        9    N/A
 Sublimation of Blood     Necr           Unusable     N/A         2    N/A
 Hydra Form               Tmut           Unusable     N/A         6    N/A
 Statue Form              Tmut/Erth      Unusable     N/A         6    N/A
 Dragon Form              Tmut           Unusable     N/A         7    N/A

Dungeon Overview and Level Annotations

Branches:
Dungeon (15/15)            Temple (1/1) D:6            Lair (6/6) D:9
  Swamp (4/4) Lair:4        Snake (4/4) Lair:3        Slime (0/5) Lair:6
    Orc (2/2) D:12            Elf (2/3) Orc:2        Vaults (2/5) D:14
  Crypt (0/3) Vaults:2     Depths (0/5) D:15         Bailey (visited)

Altars:
Ashenzari
Cheibriados
Dithmenos
Elyvilon
Fedhas
Gozag
Hepliaklqana
Kikubaaqudgha
Makhleb
Nemelex Xobeh
Okawaru
Qazlal
Ru
Sif Muna
Trog
Uskayaw
Vehumet
Wu Jian
Xom
Yredelemnul
Zin
The Shining One
Beogh
Jiyva

Shops:
D:4 [   D:8 [   D:12 [   Orc:1 !   Orc:2 =[=?=[=   Elf:2 %   Swamp:3 [
Snake:1 }[   Snake:4 }}=   Vaults:2 :

Annotations:
Lair:3 Qiclaph's ghost, journeyman MiBe
Swamp:2 1 runed translucent door, Roxanne
Swamp:4 Lernaean hydra
Snake:3 2 transporters, Suukk's ghost, adept MfIE
Vaults:2 1 runed translucent door, Tazamm's ghost, adept MiBe


Innate Abilities, Weirdness & Mutations

You do not eat or drink.
Your flesh is vulnerable to fire.
You are immune to poison.
Your flesh is cold resistant. (rC+)
You are immune to negative energy. (rN+++)
You are immune to unholy pain and torment.
You can survive without breathing.
You are in touch with the powers of death.


Message History

The vault sentinel simulacrum melts!
The vault sentinel simulacrum vapourises!
You hear a sizzling sound!
The fireball engulfs the flying skull!
The flying skull resists.
The fireball engulfs the curse skull but does no damage.
The fireball engulfs the vampire!!
The fireball engulfs the flying skull!
The flying skull resists.
The fireball engulfs the phantasmal warrior!!
The fireball engulfs the wight!!
You destroy the wight!
The fireball engulfs the flying skull!
The flying skull resists.
The fireball engulfs the mummy!!
The mummy is burned terribly!
The fireball engulfs the spectral deep elf mage!!
The fireball engulfs the ironbrand convoker zombie!
The fireball engulfs the phantasmal warrior!
The fireball engulfs the flying skull!
The flying skull resists.
The fireball engulfs the flying skull!
The flying skull resists.
You destroy the flying skull!
The fireball engulfs the curse skull.
The curse skull resists.
The fireball engulfs the flying skull.
The flying skull resists.
The fireball engulfs the flying skull!
The flying skull resists.
You destroy the flying skull!
The fireball engulfs the spectral deep elf mage!
The fireball engulfs the spectral deep elf mage!!
You destroy the spectral deep elf mage!
The fireball engulfs the mummy!!!
The mummy is burned terribly!
You destroy the mummy!
The fireball engulfs the phantasmal warrior but does no damage.
The fireball engulfs the curse skull but does no damage.
The fireball engulfs the flying skull!
The flying skull resists.
You destroy the flying skull!
The fireball engulfs the curse skull.
The curse skull completely resists.
The fireball engulfs the vampire!
You destroy the vampire!
The fireball engulfs the curse skull.
The curse skull resists.
The fireball engulfs the curse skull.
The curse skull resists.
The ironbrand convoker zombie disappears in a puff of smoke!
The phantasmal warrior barely misses you. [a] - 621 gold - resistance, flight, might and haste [b] - 435 gold - flight, agility and invisibility [c] - 294 gold - resistance and agility Purchase which effect?
You feel protected.
You feel very buoyant.
You fly up into the air.
You feel very mighty all of a sudden.
You feel yourself speed up. The phantasmal warrior hits you!
* * * LOW HITPOINT WARNING * * *
The phantasmal warrior hits you!!
You die...
Your body crumbles into a pile of gold.

######.........########....# § #
.....#.........#......#....# §§#
.....#.........#......#....# §W#
.....#.........#......#....# §§+
.....#.........#......#....# §§#
.....#.........#......'....# §§#
.....#.........#......#....# §§#
######.........########....######
................@z..).......Z....
.................W...............
####'#################)##########
#........# #.))..# #........#
##.))## #........# ##.).##
#........# #..⌠..# #........#
##)).## #........# ##.).##


You could see a curse skull and a phantasmal warrior.

Vanquished Creatures
  Bai Suzhen (Snake:4)
  Saint Roka (Vaults:1)
  Rupert (Snake:1)
  Gastronok (D:10)
  A thorn hunter (Swamp:3)
  Kirke (Snake:1)
  A storm dragon (Vaults:1)
  A nagaraja (Snake:3)
  Donald (Swamp:3)
  2 deep elf sorcerers
  3 vault wardens (Vaults:1)
  A deep elf elementalist (Elf:1)
  3 orc warlords
  A stone giant (Vaults:2)
  2 ironheart preservers (Vaults:2)
  An entropy weaver (Vaults:1)
  The ghost of Cuxunirch the Tainted, a journeyman MiFi of Yredelemnul (Lair:4)
  Josephine (Snake:1)
  5 yaktaur captains
  A great orb of eyes (Vaults:2)
  2 ice dragons
  22 hydras
  A vault guard (D:14)
  2 rakshasas
  Erica (D:10)
  6 anacondas
  12 naga warriors
  A shambling mangrove (Swamp:1)
  2 ghost crabs (Swamp:4)
  8 ogre magi
  4 centaur warriors
  23 two-headed ogres
  11 alligators
  4 orc high priests (Orc:2)
  4 tengu warriors
  11 naga sharpshooters
  8 shock serpents
  A soul eater (Vaults:2)
  7 deep elf knights
  3 salamander mystics
  2 unseen horrors
  6 naga ritualists
  2 spriggan druids
  2 deep elf archers
  A deep troll (D:15)
  12 swamp dragons
  2 wizards
  3 harpies (Vaults:1)
  A lindwurm (Swamp:4)
  An ironbrand convoker (Vaults:1)
  A necromancer (Vaults:2)
  A phantasmal warrior (Vaults:2)
  8 wolf spiders
  9 ugly things
  8 orc knights
  14 deep elf magi
  6 mana vipers
  11 salamanders
  2 stone giant zombies (Vaults:2)
  4 cyclopes
  4 orc sorcerers
  3 elephants
  28 naga magi
  A black mamba (shapeshifter) (D:14)
  6 vault sentinels
  32 black mambas
  3 guardian serpents
  29 spiny frogs
  3 gargoyles
  Psyche (D:10)
  A yaktaur (shapeshifter) (Vaults:1)
  A freezing wraith (Vaults:1)
  7 kobold demonologists
  14 yaktaurs (Vaults:1)
  An efreet (D:15)
  A tengu conjurer (D:15)
  2 rime drakes
  9 komodo dragons
  4 trolls
  A queen bee (shapeshifter) (D:15)
  12 tyrant leeches
  A polar bear (Lair:6)
  Prince Ribbit (D:7)
  A blink frog (shapeshifter) (D:14)
  6 hornets
  20 blink frogs
  8 bog bodies
  17 slime creatures
  5 dream sheep (Lair:5)
  An air elemental (Elf:1)
  10 hippogriffs
  A centaur simulacrum (D:14)
  3 shadows
  Sigmund (D:3)
  3 vampires
  36 yaks
  5 spriggans
  2 wyverns (D:9)
  3 wraiths (Snake:1)
  A human (shapeshifter) (Vaults:1)
  A hog (Snake:1)
  4 basilisks
  A hungry ghost (D:13)
  A steam dragon (D:9)
  10 wargs
  14 vampire mosquitoes
  16 swamp worms
  6 acid dragons
  2 soldier ants
  9 insubstantial wisps (Swamp:3)
  63 nagas
  14 water moccasins
  7 porcupines
  13 swamp drakes
  4 black bears
  62 orc warriors
  A phantom (D:11)
  7 ice beasts
  2 eyes of draining
  2 sky beasts
  4 boggarts (Vaults:1)
  33 ogres
  2 necrophages
  41 wolves
  21 centaurs
  15 crocodiles
  10 big kobolds
  2 human skeletons (Vaults:2)
  Blork the orc (D:5)
  A wyvern zombie (D:12)
  26 bullfrogs
  6 gnoll sergeants
  2 wyvern skeletons
  A water moccasin skeleton (D:10)
  6 scorpions
  A human simulacrum (Vaults:1)
  17 killer bees
  17 wights
  An electric eel (Lair:4)
  A howler monkey (D:6)
  A yaktaur simulacrum (Vaults:1)
  8 crimson imps
  2 quasits
  3 bullfrog zombies
  15 jellies
  10 hounds
  7 centaur skeletons
  39 orc priests
  Crazy Yiuf (D:2)
  4 centaur zombies
  24 orc wizards
  4 iguanas
  10 worker ants
  A hound zombie (D:8)
  2 hound skeletons
  A worker ant zombie (D:8)
  Robin (D:3)
  5 gnolls
  12 adders
  6 shadow imps
  7 oozes
  2 adder skeletons (D:6)
  A dart slug (D:2)
  7 leopard geckos
  148 orcs
  12 bats
  5 giant cockroaches
  13 goblins
  10 hobgoblins
  24 jackals
  2 quokkas
  2 frilled lizards
  43 kobolds
  A leopard gecko skeleton (D:7)
  3 leopard gecko zombies
  2 quokka zombies
  10 rats
  5 bushes
  A fungus (Lair:6)
  3 plants
1451 creatures vanquished.

Vanquished Creatures (collateral kills)
  Aizul (Snake:1)
  A dancing weapon (Elf:1)
  A naga sharpshooter (Snake:4)
  A deep elf archer (Elf:1)
  2 black mambas
  3 nagas (Snake:4)
9 creatures vanquished.

Vanquished Creatures (others)
  4 nagarajas (Snake:4)
  A naga warrior (Snake:4)
  A dancing weapon (Elf:1)
  2 naga sharpshooters (Snake:4)
  3 naga magi (Snake:4)
  A tyrant leech (Swamp:1)
  2 humans (Snake:1)
  9 nagas (Snake:4)
  A bullfrog (D:6)
  An orc priest (D:6)
  An orc (D:6)
  2 kobolds (D:8)
  19 fungi
  44 plants
91 creatures vanquished.

Grand Total: 1551 creatures vanquished

Notes
Turn   | Place    | Note
-------+----------+-------------------------------------------
     0 | D:1      | vurker the Mummy Fire Elementalist began the quest for the
                  | Orb.
     0 | D:1      | Reached XP level 1. HP: 13/13 MP: 4/4
   156 | D:1      | Reached skill level 1 in Conjurations
   228 | D:1      | Reached skill level 3 in Spellcasting
   228 | D:1      | Reached XP level 2. HP: 15/20 MP: 0/6
   781 | D:1      | Reached XP level 3. HP: 19/25 MP: 4/7
  1762 | D:2      | Reached skill level 1 in Fighting
  2051 | D:2      | Found a snail-covered altar of Cheibriados.
  2230 | D:2      | Found a runed translucent door.
  2231 | D:2      | Noticed Crazy Yiuf
  2384 | D:2      | Reached XP level 4. HP: 30/32 MP: 4/9
  2614 | D:2      | Killed Crazy Yiuf
  3099 | D:3      | Reached skill level 4 in Spellcasting
  3099 | D:3      | Reached XP level 5. HP: 37/37 MP: 7/11
  3531 | D:3      | You fall into a shaft and drop 1 floor!
  3686 | D:3      | Found a basalt altar of Yredelemnul.
  3802 | D:3      | Noticed Robin
  4084 | D:3      | Noticed Sigmund
  4093 | D:3      | Killed Sigmund
  4093 | D:3      | Reached skill level 5 in Spellcasting
  4093 | D:3      | Reached XP level 6. HP: 31/44 MP: 5/13
  4097 | D:3      | Killed Robin
  4606 | D:4      | Reached XP level 7. HP: 43/51 MP: 12/15
  4917 | D:4      | Found Subafeum's Antique Armour Boutique.
  5067 | D:5      | Entered Level 5 of the Dungeon
  5252 | D:5      | Learned a level 4 spell: Sticky Flame
  5256 | D:5      | Learned a level 3 spell: Conjure Flame
  5262 | D:5      | Learned a level 5 spell: Fireball
  5387 | D:5      | Noticed Blork the orc
  5394 | D:5      | Killed Blork the orc
  5394 | D:5      | Reached skill level 6 in Spellcasting
  6031 | D:4      | Bought a glowing scarf for 176 gold pieces
  6140 | D:6      | Found a sparkling altar of Nemelex Xobeh.
  6155 | D:6      | Reached XP level 8. HP: 58/58 MP: 8/17
  6552 | D:6      | Reached skill level 5 in Fire Magic
  6701 | D:6      | Found a snail-covered altar of Cheibriados.
  6781 | D:6      | Found a staircase to the Ecumenical Temple.
  6794 | Temple   | Entered the Ecumenical Temple
  7101 | Temple   | Became a worshipper of Gozag Ym Sagoz the Greedy
  7203 | D:6      | Noticed a six-headed hydra
  7226 | D:6      | Killed a six-headed hydra
  7226 | D:6      | Reached skill level 7 in Spellcasting
  7226 | D:6      | Reached skill level 5 in Conjurations
  7226 | D:6      | Reached skill level 1 in Evocations
  7226 | D:6      | Reached XP level 9. HP: 40/65 MP: 12/20
  7487 | D:6      | Found a glowing golden altar of the Shining One.
  7724 | D:6      | Reached skill level 8 in Spellcasting
  8148 | D:4      | Bought a buckler for 99 gold pieces
  8501 | D:7      | Noticed Prince Ribbit
  9172 | D:7      | Killed Prince Ribbit
  9172 | D:7      | Reached skill level 1 in Shields
  9665 | D:7      | Reached skill level 9 in Spellcasting
 10387 | D:8      | Reached XP level 10. HP: 73/73 MP: 14/23
 10618 | D:8      | Reached skill level 5 in Fighting
 11457 | D:8      | Found Ixuempa's Armour Emporium.
 12557 | D:8      | Found Ixuempa's Armour Emporium.
 13303 | D:9      | Got a smoking ring mail
 13314 | D:9      | Identified the +7 ring mail of Refuge {rElec rPois SInv}
                  | (You found it on level 9 of the Dungeon)
 13845 | D:9      | Reached skill level 10 in Spellcasting
 14492 | D:9      | Found a shimmering blue altar of Sif Muna.
 14849 | D:9      | Reached XP level 11. HP: 55/81 MP: 9/25
 14952 | D:9      | Found a staircase to the Lair.
 15248 | D:9      | Found a white marble altar of Elyvilon.
 15248 | D:9      | Found a hide-covered altar of Uskayaw.
 15251 | D:9      | Found a shimmering altar of Xom.
 15389 | D:10     | Entered Level 10 of the Dungeon
 15615 | D:10     | Found a flagged portal.
 15616 | D:10     | Noticed Erica
 15628 | D:10     | Killed Erica
 15667 | Bailey   | Entered a bailey
 16777 | Bailey   | Noticed an orc knight
 16887 | Bailey   | Killed an orc knight
 16887 | Bailey   | Reached skill level 11 in Spellcasting
 17391 | D:10     | Noticed Psyche
 17398 | D:10     | Killed Psyche
 17879 | D:10     | Noticed Gastronok
 17927 | D:10     | Killed Gastronok
 18300 | D:10     | Found a sacrificial altar of Ru.
 18892 | D:11     | Noticed a purple ugly thing
 18909 | D:11     | Killed a purple ugly thing
 19133 | D:11     | Reached XP level 12. HP: 85/89 MP: 11/27
 20487 | D:11     | Reached skill level 12 in Spellcasting
 20926 | D:11     | Noticed a two-headed ogre
 21101 | D:11     | Killed a two-headed ogre
 21363 | D:11     | Noticed a seven-headed hydra
 21383 | D:11     | Killed a seven-headed hydra
 21383 | D:11     | Reached skill level 5 in Evocations
 23150 | Lair:1   | Entered Level 1 of the Lair of Beasts
 24026 | Lair:1   | Noticed a four-headed hydra
 24033 | Lair:1   | Killed a four-headed hydra
 25198 | Lair:2   | Reached skill level 13 in Spellcasting
 26393 | Lair:3   | Gained mutation: You are in touch with the powers of death.
                  | [Mummy growth]
 26393 | Lair:3   | Reached XP level 13. HP: 98/98 MP: 14/30
 27328 | Lair:3   | Found a staircase to the Snake Pit.
 27814 | Lair:3   | Found a staircase to the Snake Pit.
 28326 | Lair:4   | Reached skill level 10 in Fire Magic
 28630 | Lair:4   | Found a runed translucent gate.
 28630 | Lair:4   | Found a runed translucent gate.
 28630 | Lair:4   | Found a runed translucent gate.
 28632 | Lair:4   | Noticed Cuxunirch's ghost (journeyman MiFi)
 28633 | Lair:4   | Noticed Qiclaph's ghost (journeyman MiBe)
 29230 | Lair:3   | Found a staircase to the Snake Pit.
 30147 | Lair:3   | Found a staircase to the Snake Pit.
 30526 | Lair:4   | Killed Cuxunirch's ghost
 30969 | Lair:4   | Reached skill level 10 in Conjurations
 32001 | Lair:4   | Found a staircase to the Swamp.
 32412 | Lair:5   | Reached skill level 14 in Spellcasting
 32694 | Lair:5   | Got a faintly glowing falchion
 32695 | Lair:5   | Identified the +10 falchion of Tuvaf {chaos, +Rage rN+
                  | Dex-5} (You found it on level 5 of the Lair of Beasts)
 32912 | Lair:5   | Got an iridescent rapier
 32913 | Lair:5   | Identified the +8 rapier "Ecidos" {pierce, rC++ Str+7
                  | Dex+2} (You found it on level 5 of the Lair of Beasts)
 33316 | Lair:6   | Entered Level 6 of the Lair of Beasts
 34154 | Lair:6   | Found a viscous altar of Jiyva.
 34158 | Lair:6   | Found a staircase to the Slime Pits.
 34470 | Lair:6   | Reached XP level 14. HP: 106/106 MP: 26/32
 36415 | Lair:6   | Found a viscous altar of Jiyva.
 36415 | Lair:6   | Found a staircase to the Slime Pits.
 37274 | D:12     | Reached skill level 15 in Spellcasting
 37757 | D:12     | Found Ibodawog's Armour Shoppe.
 38673 | D:12     | Found a staircase to the Orcish Mines.
 38864 | Orc:1    | Entered Level 1 of the Orcish Mines
 38864 | Orc:1    | Found Beepnas's Distillery.
 38870 | Orc:1    | Noticed an orc warlord
 40161 | Orc:1    | Killed an orc warlord
 40302 | Orc:1    | Found a roughly hewn altar of Beogh.
 40770 | Orc:2    | Entered Level 2 of the Orcish Mines
 42566 | Orc:2    | Noticed an orc warlord
 42600 | Orc:2    | Killed an orc warlord
 43134 | Orc:2    | Found a staircase to the Elven Halls.
 43406 | Orc:2    | Found a roughly hewn altar of Beogh.
 43710 | Orc:2    | Found Owoful's Jewellery Boutique.
 43720 | Orc:2    | Found Godghirui's Jewellery Shop.
 44250 | Orc:2    | Noticed an orc warlord
 44358 | Orc:2    | Killed an orc warlord
 44973 | Orc:2    | Found a roughly hewn altar of Beogh.
 45005 | Orc:2    | Found Ceti Afo's Jewellery Shop.
 45204 | Orc:2    | Reached XP level 15. HP: 115/115 MP: 34/34
 45363 | Orc:2    | Reached skill level 16 in Spellcasting
 45491 | Orc:2    | Found Ontonoe's Armour Emporium.
 45866 | Orc:2    | Bought a +2 pair of boots for 247 gold pieces
 45933 | Orc:2    | Bought the cursed ring of the Coward {rF++ Str-5 Int+6
                  | Dex-2} for 300 gold pieces
 45937 | Orc:2    | Bought a scroll of acquirement for 676 gold pieces
 45937 | Orc:2    | Bought a scroll of teleportation for 39 gold pieces
 45937 | Orc:2    | Bought a scroll of teleportation for 39 gold pieces
 45937 | Orc:2    | Bought a scroll of blinking for 97 gold pieces
 45937 | Orc:2    | Bought a scroll of magic mapping for 45 gold pieces
 45943 | Orc:2    | Bought a runed helmet for 262 gold pieces
 45943 | Orc:2    | Bought a pair of embroidered gloves for 262 gold pieces
 45943 | Orc:2    | Bought a brightly glowing robe for 199 gold pieces
 45975 | Orc:2    | Identified the cursed +0 robe "Osotz" {rCorr Int+4} (You
                  | bought it in a shop on level 2 of the Orcish Mines)
 45995 | Orc:2    | Bought a runed robe for 129 gold pieces
 45995 | Orc:2    | Bought an embroidered robe for 129 gold pieces
 46171 | D:13     | Reached skill level 10 in Fighting
 47982 | D:14     | You fall into a shaft and drop 1 floor!
 47982 | D:15     | Entered Level 15 of the Dungeon
 48937 | D:14     | Found a gate to the Vaults.
 51248 | D:15     | Found a staircase to the Depths.
 51526 | D:15     | Found a snail-covered altar of Cheibriados.
 52783 | Swamp:1  | Entered Level 1 of the Swamp
 53194 | Swamp:1  | Reached skill level 17 in Spellcasting
 54519 | Swamp:2  | Found a runed translucent door.
 54523 | Swamp:2  | Reached XP level 16. HP: 124/124 MP: 21/37
 54611 | Swamp:2  | Noticed Roxanne
 54941 | Swamp:2  | Found the +9 scales of the Dragon King {rPois rF+ rC+ MR+}
 55337 | Swamp:2  | Found the +9 sword of Zonguldrok {reap}
 57164 | Swamp:3  | Noticed a thorn hunter
 57173 | Swamp:3  | Killed a thorn hunter
 57908 | Swamp:3  | Noticed Donald
 57938 | Swamp:3  | Killed Donald
 58686 | Swamp:4  | Entered Level 4 of the Swamp
 59289 | Swamp:4  | Noticed the 27-headed Lernaean hydra
 59297 | Swamp:4  | Noticed a thorn hunter
 59889 | Swamp:4  | Reached skill level 18 in Spellcasting
 60027 | Swamp:4  | Got a decaying rune of Zot
 60544 | Snake:1  | Entered Level 1 of the Snake Pit
 60553 | Snake:1  | Noticed Rupert
 60697 | Snake:1  | Noticed Aizul
 60699 | Snake:1  | Killed Rupert
 60708 | Snake:1  | Killed Aizul
 60777 | Snake:1  | Noticed Kirke
 60781 | Snake:1  | Killed Kirke
 60936 | Snake:1  | Found Rycoxuuz's Gadget Shop.
 60941 | Snake:1  | Found Vuyreuqy's Antique Armour Boutique.
 61102 | Snake:1  | Noticed Josephine
 61176 | Snake:1  | Killed Josephine
 61294 | Snake:1  | Bought an embroidered cloak for 277 gold pieces
 61294 | Snake:1  | Bought a glowing robe for 136 gold pieces
 61294 | Snake:1  | Bought a shiny buckler for 277 gold pieces
 61447 | Swamp:3  | Bought the +3 pair of gloves of the Tarantula {rElec rPois
                  | rF- rC++} for 771 gold pieces
 61602 | Snake:1  | Reached XP level 17. HP: 126/131 MP: 24/39
 63065 | Snake:1  | Learned a level 5 spell: Bolt of Draining
 65727 | Snake:3  | Reached skill level 19 in Spellcasting
 66192 | Snake:3  | Found a transporter.
 66195 | Snake:3  | Noticed Suukk's ghost (adept MfIE)
 66203 | Snake:3  | Found a transporter.
 66911 | Snake:4  | Entered Level 4 of the Snake Pit
 67077 | Snake:4  | Noticed Bai Suzhen
 67417 | Snake:4  | Killed Bai Suzhen
 68607 | Snake:4  | Reached XP level 18. HP: 141/141 MP: 18/41
 69320 | Snake:4  | Learned a level 8 spell: Ignition
 69325 | Snake:4  | Got a serpentine rune of Zot
 69754 | Snake:4  | Found Jutse's Jewellery Emporium.
 69754 | Snake:4  | Found Sioprac's Gadget Shop.
 69755 | Snake:4  | Found Goclass's Gadget Shop.
 69767 | Snake:4  | Bought a wand of digging (4) for 224 gold pieces
 70530 | Elf:1    | Entered Level 1 of the Elven Halls
 71044 | Elf:2    | Found Nuraur's Food Shop.
 71068 | Elf:1    | HP: 6/141 [+5 flail of protection (12)]
 71639 | Vaults:1 | Entered Level 1 of the Vaults
 72032 | Vaults:1 | Noticed Saint Roka
 72139 | Vaults:1 | Reached skill level 15 in Fire Magic
 72149 | Vaults:1 | Killed Saint Roka
 72149 | Vaults:1 | Reached skill level 20 in Spellcasting
 72811 | Vaults:1 | Reached skill level 15 in Conjurations
 72909 | Vaults:1 | Found the +2 pair of boots of the Assassin {Detection Stab+
                  | Stlth++}
 74983 | Vaults:2 | Found Zischaux's Book Shop.
 75225 | Vaults:2 | Reached XP level 19. HP: 149/149 MP: 23/43
 75565 | Vaults:2 | Found a staircase to the Crypt.
 75901 | Vaults:1 | Learned a level 4 spell: Airstrike
 76561 | Vaults:2 | Found a runed translucent door.
 76561 | Vaults:2 | Noticed Tazamm's ghost (adept MiBe)
 76904 | Vaults:2 | Slain by a phantasmal warrior

Levels and vault maps discovered:
D:1:      scummos_arrival_star, layout_basic
D:2:      layout_loops_ring, lemuel_crystal_altar, serial_co_window_serial,
          co_window_paths_a, co_window_corner_a, co_window_corner_a,
          co_window_paths_b, co_window_corner_a, co_window_unsneaky_path_c,
          co_window_broadway_b, co_window_corner_cb, co_window_2corner,
          co_window_corner_b, glass_columns_b, glass_columns_a, glass_columns_a,
          glass_columns_a, uniq_crazy_yiuf_cottage
D:3:      layout_basic, nicolae_overflow_crystal_walls, nrook_mini_vaults,
          uniq_robin, uniq_sigmund
D:4:      layout_loops_ring, first_ration, serial_shops, shop
D:5:      layout_loops_ring, st_stairs_13, uniq_blork_the_orc
D:6:      minmay_opposing_rooms, layout_loops_ring,
          nemelex_xobeh_ov_fountains_minmay, lemuel_temple_firewalk_b,
          basic_altar, tso_altar
D:7:      layout_cave_pods, uniq_prince_ribbit1
D:8:      kennysheep_kobold_camp, layout_basic, serial_shops,
          nicolae_shop_stone, hangedman_little_slice_of_home
D:9:      layout_rooms, minitemple, erik_lair_dragon
D:10:     layout_cross, enter_bailey_2, hangedman_ru_absence, uniq_erica,
          uniq_gastronok, uniq_psyche
D:11:     cheibrodos_orc_bank, layout_basic, kennysheep_path_1
D:12:     layout_rooms, kennysheep_orc_monster_closet_entryway, serial_shops,
          kennysheep_mini_moat
D:13:     layout_roguey
D:14:     layout_basic, david_vaults_4, hex_intersection
D:15:     hangedman_depths_entry_civil_slaughter, layout_layer_cave,
          basic_altar, serial_park_tiny_1
Temple:   regret_index_temple_generic_petals
Lair:1:   layout_regular_city, chequers_serial_rivers_micro_e,
          patterned_corridor, grunt_megastairs_1
Lair:2:   layout_concentric_octagons
Lair:3:   layout_regular_city, minmay_snake_entry_guardpost_small,
          minmay_hedge_maze, grunt_megastairs_4, infiniplex_staircase_pool_2
Lair:4:   layout_loops_ring, nicolae_swamp_entry_splash_gauntlet,
          gammafunk_ghost_cemetery, grunt_forest_large_clearings
Lair:5:   layout_cave_shapes, grunt_megastairs_2, infiniplex_staircase_pool
Lair:6:   minmay_lair_end_frog_pond, layout_long_grid, slime_altar_1,
          nicolae_volcano_entry_hallway
Swamp:1:  layout_basic_swamp, evilmike_swamp_ruin_house_6
Swamp:2:  gammafunk_mikee_crab_dinner, layout_basic_swamp, serial_swamp_ruin,
          evilmike_swamp_ruin_wall, evilmike_swamp_ruin_house_4,
          evilmike_swamp_ruin_house_5, swamp_pool1, nicolae_swamp_dense_foliage,
          uniq_roxanne
Swamp:3:  layout_basic_swamp, evilmike_swamp_ruin_house_1, swamp_pool5,
          st_swamp_ruins_4, uniq_donald
Swamp:4:  swamp_alternative, layout_basic_swamp, swamp_pool1, uniq_nikola
Snake:1:  layout_rooms, grunt_megastairs_3, minmay_shoptagon, uniq_aizul,
          uniq_josephine, uniq_rupert, uniq_kirke
Snake:2:  layout_chambers, portal_ice_cave_entry_pillars_1,
          nicolae_coiled_stairwell_up
Snake:3:  layout_layer_cave, gammafunk_ghost_arena
Snake:4:  minmay_snake_end_coiled, layout_onion, minmay_shop_grove,
          uniq_bai_suzhen
Orc:1:    layout_diamond_mine, serial_shops, nicolae_shop_crystal,
          nicolae_orc_bridge_out, mines1_david
Orc:2:    pubby_orc_utopia
Elf:1:    eino_elf_arrival_the_gate, layout_rooms, serial_shops,
          nicolae_shop_statue_plus, evilmike_minifort
Elf:2:    layout_geoelf_diagonals, serial_shops, shop
Vaults:1: ontoclasm_vaults_twist, v_misc_22,
          vaults_standard_mumra_enter_the_diamond, vaults_room_door_hall,
          dpeg_vaults_waves, layout_vaults_chaotic_city, uniq_saint_roka
Vaults:2: ebering_vaults_ghost_inner_flame, vaults_dpeg_encased_lava,
          vaults_standard_mumra_x, v_alt_pattern_1, grunt_vaults_hallway_long,
          v_misc_29, minmay_crypt_entry_simple_sparse, v_misc_32, v_misc_16,
          v_misc_16, ontoclasm_vaults_hangar, nicolae_vaults_mini_display_case,
          layout_vaults_omnicross, basic_altar, serial_shops,
          nicolae_shop_statue_plus

Skill      XL: |  1  2  3  4  5  6  7  8  9 10 11 12 13 14 15 16 17 18 |
---------------+-------------------------------------------------------+-----
Conjurations   | 1 2 3 4 5 6 7 8 9 10 11 12 13 14 15 | 15.4
Spellcasting   | 3 4 5 6 7 9 10 11 13 14 15 17 18 19 20 | 20.7
Fighting       | 1 2 3 4 5 6 7 8 9 10 11 12 13 | 13.2
Fire Magic     | 3 4 5 6 7 8 9 10 11 12 13 14 15 | 15.5
Evocations     | 1 2 3 4 5 |  5.0
Shields        | 1 3 4 |  4.0
Dodging        | |  1.5
Stealth        | |  1.5

Action                   |  1- 3 |  4- 6 |  7- 9 | 10-12 | 13-15 | 16-18 | 19-21 || total
-------------------------+-------+-------+-------+-------+-------+-------+-------++-------
Melee: Unarmed           |    12 |       |       |       |       |       |       ||    12
       Dagger            |     1 |    34 |   330 |    53 |    41 |       |       ||   459
       Staff             |       |       |       |       |    34 |    17 |    12 ||    63
 Cast: Flame Tongue      |    87 |    96 |   213 |   491 |   112 |    28 |     1 ||  1028
       Sticky Flame      |       |       |    16 |    61 |    95 |    37 |     2 ||   211
       Conjure Flame     |       |       |     2 |    19 |    10 |       |       ||    31
       Fireball          |       |       |     2 |   193 |   717 |   566 |    39 ||  1517
       Bolt of Draining  |       |       |       |       |       |    66 |    10 ||    76
       Ignition          |       |       |       |       |       |     1 |     9 ||    10
       Airstrike         |       |       |       |       |       |       |     3 ||     3
Invok: Potion Petition   |       |       |       |       |     2 |    10 |     1 ||    13
       Call Merchant     |       |       |       |       |     3 |     1 |       ||     4
       Bribe Branch      |       |       |       |       |       |     1 |       ||     1
 Abil: Evoke Flight      |       |       |       |     8 |     1 |       |       ||     9
Evoke: Wand              |       |       |       |    16 |    30 |    50 |     1 ||    97
       Phial of floods   |       |       |       |       |       |     4 |       ||     4
  Use: Scroll            |       |       |     9 |    11 |    12 |    20 |     1 ||    53
 Stab: Distracted        |       |       |       |     1 |     1 |       |       ||     2
       Confused          |       |       |       |     1 |       |       |       ||     1
Armor: Robe              |    20 |    31 |   168 |    99 |   109 |   137 |    20 ||   584
Dodge: Dodged            |    49 |    56 |   241 |   195 |   174 |   175 |    25 ||   915
Block: Buckler           |       |       |       |    38 |    75 |    72 |    13 ||   198

Table legend:
 A = Non-vault XP
 B = Vault XP
 C = Vault XP percentage of total XP
 D = Non-vault monster count
 E = Vault monster count
 F = Vault count percentage of total count
                 A         B        C        D         E       F
            +---------+---------+-------+---------+---------+-------
      Total |  268072 |  132585 |  33.1 |     981 |     473 |  32.5
            +---------+---------+-------+---------+---------+-------
        D:1 |      54 |       0 |   0.0 |      29 |       0 |   0.0
        D:2 |      47 |      42 |  47.2 |      19 |       2 |   9.5
        D:3 |     125 |     263 |  67.8 |      17 |      13 |  43.3
        D:4 |     312 |       0 |   0.0 |       7 |       0 |   0.0
        D:5 |     445 |     127 |  22.2 |      13 |       2 |  13.3
        D:6 |     534 |    1244 |  70.0 |      20 |       6 |  23.1
        D:7 |    1458 |     277 |  16.0 |      28 |       1 |   3.4
        D:8 |    1950 |     291 |  13.0 |      38 |      27 |  41.5
        D:9 |    2786 |    1612 |  36.7 |      33 |       7 |  17.5
       D:10 |    2421 |    3750 |  60.8 |      21 |       3 |  12.5
       D:11 |    8820 |     917 |   9.4 |      59 |      19 |  24.4
       D:12 |    4588 |    1814 |  28.3 |      42 |      20 |  32.3
       D:13 |   11381 |       0 |   0.0 |      57 |       0 |   0.0
       D:14 |    6086 |    2848 |  31.9 |      30 |       4 |  11.8
       D:15 |    9272 |    4450 |  32.4 |      42 |       5 |  10.6
     Temple |      48 |       0 |   0.0 |       1 |       0 |   0.0
     Lair:1 |    2828 |     128 |   4.3 |      12 |       1 |   7.7
     Lair:2 |    4015 |       0 |   0.0 |      17 |       0 |   0.0
     Lair:3 |    3578 |    2140 |  37.4 |      21 |      11 |  34.4
     Lair:4 |    4572 |    5708 |  55.5 |      13 |      36 |  73.5
     Lair:5 |    3602 |     616 |  14.6 |      11 |       2 |  15.4
     Lair:6 |    5511 |   11720 |  68.0 |      18 |      41 |  69.5
    Swamp:1 |   12053 |       0 |   0.0 |      24 |       0 |   0.0
    Swamp:2 |    8692 |     989 |  10.2 |      22 |       1 |   4.3
    Swamp:3 |   15133 |   11457 |  43.1 |      46 |      15 |  24.6
    Swamp:4 |    4290 |    5015 |  53.9 |       8 |       8 |  50.0
    Snake:1 |   10259 |    8956 |  46.6 |      22 |      10 |  31.2
    Snake:2 |   20825 |     456 |   2.1 |      42 |       1 |   2.3
    Snake:3 |   22739 |       0 |   0.0 |      48 |       0 |   0.0
    Snake:4 |   27649 |   11796 |  29.9 |      55 |      25 |  31.2
      Orc:1 |    5946 |      18 |   0.3 |      52 |       6 |  10.3
      Orc:2 |       0 |   20097 | 100.0 |       0 |     129 | 100.0
      Elf:1 |   14915 |    2842 |  16.0 |      20 |       5 |  20.0
   Vaults:1 |   30607 |   23708 |  43.6 |      62 |      39 |  38.6
   Vaults:2 |   20531 |    7481 |  26.7 |      32 |       8 |  20.0
     Bailey |       0 |    1823 | 100.0 |       0 |      26 | 100.0
            +---------+---------+-------+---------+---------+-------
